AoeStats
← Mr. Penis

Four Lakes

503583805Analyzed
4v4 RM · 1mo ago on Sep 1, 2026· 61m 52s· 8 players
Game mode
Random Map
Map size
Large (8 player)
Population
200
Speed
Normal
Resources
Standard
Victory
Conquest
Starting age
Dark Age
Ending age
Imperial Age
RankedLock teamsTeams togetherTeam positionsShared explorationLock speedFull tech treeHidden civsTurbo modeCheats
Victory
Defeat
🇷🇺 Jurchens · Russia
1229
+13
🇨🇳 Shu · China
1206
+15
🇦🇺 Slavs · Australia
1158
+17
🇯🇵 Persians · Japan
1125
+18
🇪🇸 Vietnamese · Spain
1186
-16
🇪🇸 Japanese · Spain
1172
-16
🇭🇰 Malians · Hong Kong SAR China
1171
-16
🇭🇰 Persians · Hong Kong SAR China
1170
-16
EL CID
5:01 Loom
12:11 Feudal Age
16:43 Castle Age
19:12 Scale Mail Armor
19:22 Forging
29:08 Pikeman
40:17 Imperial Age
38:34 Horse Collar
38:38 Fishing Lines
42:06 Chemistry
42:57 Fletching
43:08 Padded Archer Armor
43:25 Chain Mail Armor
44:44 Ballistics
47:41 Halberdier
54:22 Iron Casting
57:00 Plate Mail Armor
61:50 Kataparuto
61:38 Bodkin Arrow
Mr. Jones
9:11 Loom
11:32 Feudal Age
16:15 Castle Age
14:38 Fishing Lines
14:53 Double-Bit Axe
16:10 Fletching
16:37 Crossbowman
17:24 Bodkin Arrow
18:51 Gillnets
21:03 Husbandry
23:18 Wheelbarrow
23:36 Bloodlines
24:44 Horse Collar
25:16 Bow Saw
27:16 Ballistics
29:24 Hand Cart
33:11 Imperial Age
31:10 Thumb Ring
31:12 Scale Barding Armor
31:18 Forging
32:53 Chain Barding Armor
33:54 Bracer
34:57 Chemistry
35:24 Two-Man Saw
35:17 Plate Barding Armor
35:17 Iron Casting
38:31 Padded Archer Armor
38:16 Light Cavalry
40:45 Leather Archer Armor
40:06 Arbalester
41:08 Cavalier
45:29 Ring Archer Armor
47:14 Murder Holes
48:46 Elite Skirmisher
49:23 Town Watch
49:32 Imperial Skirmisher
heichan000002
11:17 Feudal Age
9:34 Loom
15:09 Castle Age
13:16 Double-Bit Axe
16:09 Bow Saw
20:45 Wheelbarrow
21:51 Hand Cart
29:24 Imperial Age
27:39 Fletching
27:56 Scale Barding Armor
28:01 Forging
28:12 Bloodlines
28:02 Husbandry
28:04 Town Watch
28:10 Crossbowman
28:58 Bodkin Arrow
30:27 Kamandaran
30:35 Gold Mining
30:38 Stone Mining
30:54 Padded Archer Armor
32:28 Chemistry
34:07 Horse Collar
34:50 Chain Barding Armor
37:37 Elite War Elephant
40:02 Plate Barding Armor
40:02 Iron Casting
46:03 Blast Furnace
51:06 Town Patrol
52:51 Leather Archer Armor
59:26 Gold Shaft Mining
kyy
4:02 Loom
8:21 Loom
10:15 Feudal Age
16:49 Castle Age
16:02 Double-Bit Axe
15:59 Horse Collar
30:09 Pikeman
30:35 Arson
31:51 Squires
31:13 Man-at-Arms
32:37 Long Swordsman
48:20 Husbandry
48:31 Bloodlines
49:53 Light Cavalry
53:59 Scale Barding Armor
54:06 Forging
57:32 Imperial Age
56:36 Chain Barding Armor
56:52 Iron Casting
58:14 Two-Handed Swordsman
happykids
6:27 Loom
9:16 Feudal Age
22:09 Castle Age
23:05 Fletching
33:50 Double-Bit Axe
38:01 Wheelbarrow
36:59 Elite Skirmisher
37:38 Bodkin Arrow
38:56 Padded Archer Armor
40:17 Leather Archer Armor
48:09 Imperial Age
48:51 Ballistics
50:03 Scale Barding Armor
50:08 Forging
50:11 Gold Mining
52:28 Chain Barding Armor
52:44 Iron Casting
53:12 Chemistry
53:19 Masonry
53:28 Bow Saw
53:13 Stone Mining
53:39 Husbandry
53:51 Bloodlines
53:16 Cavalier
54:34 Plate Barding Armor
56:01 Blast Furnace
56:04 Savar
59:54 Conscription
60:02 Caravan
ChrispyPork
13:15 Feudal Age
11:31 Loom
18:27 Castle Age
16:56 Double-Bit Axe
20:17 Fishing Lines
21:15 Bow Saw
20:58 Gold Mining
20:58 Stone Mining
23:35 Scale Barding Armor
23:25 Horse Collar
24:15 Bloodlines
24:42 Husbandry
25:19 Chain Barding Armor
32:30 Imperial Age
29:46 Town Watch
30:28 Forging
31:40 Wheelbarrow
31:03 Light Cavalry
32:23 Iron Casting
32:31 Cavalier
33:54 Plate Barding Armor
33:44 Conscription
34:22 Pikeman
35:02 Squires
36:14 Blast Furnace
35:07 Man-at-Arms
36:26 Hussar
37:40 Long Swordsman
38:34 Detinets
39:13 Gold Shaft Mining
38:28 Stone Mining
39:06 Scale Mail Armor
38:57 Fletching
38:57 Two-Handed Swordsman
40:17 Hoardings
39:36 Champion
40:57 Hand Cart
41:01 Chain Mail Armor
40:41 Bodkin Arrow
40:42 Halberdier
42:01 Fortified Wall
42:02 Masonry
41:57 Gillnets
42:33 Druzhina
43:22 Plate Mail Armor
42:47 Bodkin Arrow
43:40 Stone Mining
44:00 Siege Engineers
44:57 Chemistry
44:17 Ballistics
44:32 Heavy Plow
44:41 Padded Archer Armor
44:55 Caravan
45:28 Coinage
46:26 Capped Ram
46:27 Heavy Scorpion
47:59 Siege Ram
49:32 Murder Holes
60:52 Elite Boyar
61:53 Leather Archer Armor
61:31 Guard Tower
61:52 Clinker Construction
61:52 Careening
62:25 Crop Rotation
Kill Line
3:25 Loom
10:38 Feudal Age
11:40 Double-Bit Axe
12:49 Fletching
12:59 Padded Archer Armor
21:19 Castle Age
20:56 Gold Mining
20:57 Horse Collar
21:22 Crossbowman
22:17 Bodkin Arrow
31:38 Wheelbarrow
31:16 Bow Saw
32:16 Stone Mining
37:43 Leather Archer Armor
39:20 Gold Shaft Mining
39:15 Heavy Plow
39:55 Thumb Ring
45:27 Ballistics
45:25 Hand Cart
44:40 Elite Skirmisher
48:34 Imperial Age
49:47 Arbalester
52:00 Chemistry
51:16 Bracer
54:46 Guilds
Mr. Penis
11:02 Feudal Age
15:18 Castle Age
13:55 Double-Bit Axe
13:51 Horse Collar
18:12 Bow Saw
19:13 Wheelbarrow
18:25 Loom
18:55 Fervor
23:39 Heavy Plow
24:24 Sanctity
24:52 Gold Mining
25:37 Bloodlines
25:27 Husbandry
35:23 Imperial Age
33:08 Hand Cart
32:39 Town Watch
34:28 Town Patrol
36:20 Scale Barding Armor
36:26 Forging
37:39 Chain Barding Armor
37:41 Conscription
39:08 Gold Shaft Mining
38:25 Stone Mining
38:12 Elite Steppe Lancer
40:45 Stone Shaft Mining
45:35 Iron Casting
45:13 Guilds
46:04 Plate Barding Armor
48:28 Hoardings
48:28 Crop Rotation
49:02 Two-Man Saw
49:04 Blast Furnace
51:59 Murder Holes
51:45 Treadmill Crane
52:16 Masonry
52:26 Ballistics
54:48 Architecture
54:05 Arrowslits
54:50 Fortified Bastions
57:40 Block Printing
57:51 Illumination
Connection lost

Rejoining the realm…

Still unreachable

The connection could not be restored.

Session expired

The server has moved on; the page needs a fresh start.